 Dungeon Crawl Stone Soup version 0.27-a0-972-gd1521fd518 (webtiles) character file.

Game seed: 5651864143047690218

4 Alarkh the Insei (level 1, -2/15 HPs)
             Began as a Demonspawn Transmuter on Apr 13, 2021.
             Killed by Freeze
             ... generated by an endoplasm
              (5 damage)
             ... on level 1 of the Dungeon.
             The game lasted 00:00:39 (52 turns).

Alarkh the Insei (Demonspawn Transmuter)              Turns: 52, Time: 00:00:40

Health: -2/15      AC:  2    Str: 10    XL:     1   Next: 58%
Magic:  2/3        EV: 12    Int: 14    God:
Gold:   0          SH:  0    Dex: 13    Spells: 3/4 levels left

rFire    . . .     SeeInvis .     - Unarmed
rCold    . . .     Faith    .   (no shield)
rNeg     . . .     Spirit   .   a - +0 robe
rPois    .         Reflect  .   (helmet currently unavailable)
rElec    .         Harm     .   (no cloak)
rCorr    .         Rampage  .   (no gloves)
Will     .....                  (boots currently unavailable)
Stlth    +.........             (no amulet)
HPRegen  0.05/turn              (no ring)
MPRegen  0.08/turn              (no ring)

@: appendages
A: horns 2, talons 2
a: End Transformation


You were on level 1 of the Dungeon.
You had temporarily grown beastly horns and talons.
You visited 1 branch of the dungeon, and saw 1 of its levels.

Inventory:

Armour
 a - a +0 robe (worn)


   Skills:
 + Level 1.1 Fighting
 - Level 1.7 Dodging
 * Level 2.8 Unarmed Combat
 + Level 2.0 Spellcasting
 + Level 1.8 Transmutations


You had 3 spell levels left.
You knew the following spells:

 Your Spells              Type           Power      Damage    Failure   Level
a - Beastly Appendage     Tmut           12%        N/A       11%         1

Your spell library contained the following spells:

 Spells                   Type           Power      Damage    Failure   Level
 Wereblood                Tmut           6%         N/A       17%         2
 Spider Form              Tmut/Pois      2%         N/A       43%         3
 Ice Form                 Ice/Tmut       4%         N/A       85%         4
 Hydra Form               Tmut           3%         N/A       97%         5


Dungeon Overview and Level Annotations

Branches:
Dungeon (1/15)

Altars:


Innate Abilities, Weirdness & Mutations

You have temporarily grown beastly horns and talons.


Message History

The endoplasm is almost dead.
The endoplasm closely misses you.
You hit the endoplasm but do no damage.
The endoplasm is almost dead.
Your horns disappear.
Your talons disappear.
The endoplasm closely misses you.
You hit the endoplasm but do no damage.
The endoplasm is almost dead.
The endoplasm barely misses you.
A rat comes into view.
You barely miss the endoplasm.
The endoplasm is almost dead.
The endoplasm closely misses you. The endoplasm barely misses you.
Your magical contamination has completely faded away.
You hit the endoplasm.
You kill the endoplasm!
The endoplasm hits you but does no damage.
You closely miss the ball python. The ball python bites you.
The ball python grabs you. The ball python constricts you.
The endoplasm completely misses you.
You barely miss the ball python. The ball python closely misses you.
The ball python constricts you. The endoplasm closely misses you.
You hit the ball python.
The ball python is severely wounded.
The ball python misses you. The ball python constricts you.
The endoplasm hits you. The ball python bites you.
The ball python constricts you.
You hit the ball python.
You kill the ball python!
The endoplasm freezes you.
You are frozen.
The endoplasm freezes you.
You are frozen.
* * * LOW HITPOINT WARNING * * *
Casting: Beastly Appendage (safe; 11% risk of failure)
Confirm with . or Enter, or press ? or * to list all spells.
You grow a pair of large bovine horns.
Your feet morph into talons.
The endoplasm freezes you.
You are frozen.
You die...
PP.PP.P#

##..............
.PP.P.P###................
P.P.P...##................
.PP.P.P.##................
PP.PP.P.##...†............
P.PP.PP.......†...........
.PPP.PP###...........(....


PP..PPP# ##......Jr....... ..PPPPP# ##....@#...$.PP. PPPPPPP# #######r##.PP♣♣
PPPPPPP #)# .P.♣ ##..... ... .P ##.##. ..... ......# .......# ......♣♣♣ ......♣.
You could see an endoplasm and a rat.

Vanquished Creatures
  An endoplasm (D:1)
  A goblin (D:1)
  2 ball pythons (D:1)
  A bat (D:1)
5 creatures vanquished.

Notes
Turn   | Place    | Note
-------+----------+-------------------------------------------
     0 | D:1      | Alarkh the Demonspawn Transmuter began the quest for the
                  | Orb.
     0 | D:1      | Reached XP level 1. HP: 15/15 MP: 3/3
    52 | D:1      | Killed from afar by an endoplasm

Illustrated notes

Levels and vault maps discovered:
D:1:      roderic_crop_circles_arrival_small, layout_rooms, serial_forest,
          infiniplex_forest_clump_long, infiniplex_forest_clump_double,
          infiniplex_forest_join, infiniplex_forest_straight_2,
          infiniplex_forest_lined_room_2, infiniplex_forest_end_2

Action                   || total
-------------------------++-------
Melee: Unarmed           ||    14
       Kick              ||     1
 Cast: Beastly Appendage ||     2
Armor: Robe              ||     2
Dodge: Dodged            ||    15

Table legend: (Time is in decaauts)
 A = Elapsed time spent in this place.
 B = Non-inter-level travel time spent in this place.
 C = Inter-level travel time spent in this place.
 D = Time resting spent in this place.
 E = Time spent auto-exploring this place.
 F = Levels seen in this place.
 G = Mean time per level.
                   A        B        C        D        E       F      G
               +--------+--------+--------+--------+--------+-----+--------+
         Total |     51 |     51 |      0 |      0 |     27 |   1 |   51.0 |
       Dungeon |     51 |     51 |      0 |      0 |     27 |   1 |   51.0 |
               +--------+--------+--------+--------+--------+-----+--------+

Top non-repeatable levels by time:
     D:1: 51 daAuts
